 Dungeon Crawl Stone Soup version 0.30.0-11-gf55b779eaf (webtiles) character file.

Game seed: 10420907212587640074

9 NinjaNoafa the Ducker (level 2, -2/21 HPs)
             Began as a Merfolk Fire Elementalist on May 16, 2023.
             Frozen to death by an endoplasm (5 damage)
             ... on level 1 of the Dungeon.
             The game lasted 00:01:13 (188 turns).

NinjaNoafa the Ducker (Merfolk Fire Elementalist)    Turns: 188, Time: 00:01:14

Health: -2/21      AC:  3    Str:  8    XL:     2   Next: 12%
Magic:  0/5        EV: 12    Int: 14    God:
Gold:   0          SH:  0    Dex: 14    Spells: 4/5 levels left

rFire   . . .        a - +0 dagger
rCold   . . .        (no shield)
rNeg    . . .        d - +0 leather armour
rPois   .            (no helmet)
rElec   .            (no cloak)
rCorr   .            (no gloves)
SInv    .            (no boots)
Will    .....        (no amulet)
Stlth   ++           (no ring)
HPRegen 0.23/turn    (no ring)
MPRegen 0.09/turn

%: no passive effects
@: no status effects
A: (nimble swimmer 2), mertail
a: no special abilities


You were on level 1 of the Dungeon.
You visited 1 branch of the dungeon, and saw 1 of its levels.

Inventory:

Hand Weapons
 a - a +0 dagger (weapon)
Missiles
 f - 5 poisoned darts
Armour
 d - a +0 leather armour (worn)
Potions
 b - a potion of magic
 c - a potion of haste {unknown}
 e - a potion of berserk rage {unknown}


   Skills:
 * Level 1.4 Fighting
 + Level 3.1 Dodging
 - Level 2.1 Stealth
 - Level 2.0 Spellcasting
 - Level 0.7 Conjurations
 - Level 2.1 Fire Magic


You had 4 spell levels left.
You knew the following spells:

 Your Spells              Type           Power      Damage    Failure   Level
a - Foxfire               Conj/Fire      20%        2x1d5     19%         1

Your spell library contained the following spells:

 Spells                   Type           Power      Damage    Failure   Level
 Scorch                   Fire           14%        2d6       22%         2
 Inner Flame              Hex/Fire       4%         N/A       54%         3
 Volatile Blastmotes      Fire/Tloc      8%         2d10      54%         3
 Flame Wave               Conj/Fire      5%         2d5       88%         4


Dungeon Overview and Level Annotations

Branches:
Dungeon (1/15) Zot: 5811

Altars:


Innate Abilities, Weirdness & Mutations

((You are very nimble when in or above water. (Stealth+, EV+, Speed+++)))
Your lower body shifts to a powerful aquatic tail in water.


Message History

You conjure some foxfire!
The endoplasm hits you. The dart slug launches a dart at you.
The slug dart misses you.
You conjure some foxfire!
The foxfire hits the dart slug.
The dart slug is lightly wounded.
The foxfire hits the dart slug.
The dart slug is moderately wounded.
The endoplasm jiggles.
The endoplasm freezes you.
You are frozen.
The foxfire hits the dart slug.
The dart slug is heavily wounded.
The dart slug bites you but does no damage.
You conjure some foxfire!
The endoplasm hits you. The dart slug bites you.
* * * LOW HITPOINT WARNING * * *
Unknown command.
Unknown command.
Unknown command.
You hit the endoplasm.
The endoplasm is moderately wounded.
The foxfire hits the dart slug.
The dart slug is almost dead.
The foxfire hits the dart slug.
You kill the dart slug!
The endoplasm freezes you.
You are frozen.
* * * LOW HITPOINT WARNING * * *
You have reached level 2!
Unknown command.
You barely miss the endoplasm.
The endoplasm is moderately wounded.
The endoplasm freezes you.
You are frozen.
* * * LOW HITPOINT WARNING * * *
Unknown command.
You hit the endoplasm.
The endoplasm is heavily wounded.
The endoplasm freezes you.
You are frozen.
You die...

######+### #........#
#.....[..# #........#
################........#
................@J.......
....#####################
....# ....# ....# #####
.... ##### ###.#


You could see an endoplasm.

Vanquished Creatures
  A dart slug (D:1)
  An endoplasm (D:1)
  A giant cockroach (D:1)
  A goblin (D:1)
  A ball python (D:1)
  A bat (D:1)
  A rat (D:1)
7 creatures vanquished.

Vanquished Creatures (others)
  13 foxfires (D:1)
13 creatures vanquished.

Grand Total: 20 creatures vanquished

Notes
Turn   | Place    | Note
-------+----------+-------------------------------------------
     0 | D:1      | NinjaNoafa the Merfolk Fire Elementalist began the quest
                  | for the Orb.
     0 | D:1      | Reached XP level 1. HP: 13/13 MP: 3/3
   122 | D:1      | Reached skill level 1 in Fighting
   122 | D:1      | Reached skill level 3 in Dodging
   187 | D:1      | Reached XP level 2. HP: 6/21 MP: 0/5
   188 | D:1      | Frozen to death by an endoplasm

Illustrated notes

Levels and vault maps discovered:
D:1:      roderic_chinese_lattice_arrival, layout_basic

Skill      XL: |  1 |
---------------+----+-----
Fighting       | 1 |  1.4
Dodging        | 3 |  3.1
Stealth        | |  2.1
Spellcasting   | |  2.0
Conjurations   | |  0.7
Fire Magic     | |  2.1

Action                     || total
---------------------------++-------
  Melee: Dagger            ||     7
   Cast: Foxfire           ||     8
   Stab: Sleeping          ||     1
 Armour: Leather armour    ||     1
  Dodge: Dodged            ||     9
